 Dungeon Crawl Stone Soup version 0.32-a0-361-g289a535e89 (webtiles) character file.

Game seed: 8431345353529960256

91 promet the Grave Robber (level 4, -3/24 HPs)
             Began as a Deep Elf Necromancer on Feb 19, 2024.
             Slain by a gnoll
             ... wielding a +0 halberd
              (8 damage)
             ... on level 2 of the Dungeon.
             The game lasted 00:11:07 (1732 turns).

promet the Grave Robber (Deep Elf Necromancer)      Turns: 1732, Time: 00:11:08

Health: -3/24      AC:  2    Str:  5    XL:     4   Next: 33%
Magic:  5/12       EV: 12    Int: 22    God:
Gold:   62         SH:  0    Dex: 15    Spells: 8/11 levels left

rFire   . . .        h - +0 short sword
rCold   . . .        (no shield)
rNeg    . . .        a - +0 robe
rPois   .            (no helmet)
rElec   .            (no cloak)
rCorr   .            (no gloves)
SInv    .            (no boots)
Will    .....        (no amulet)
Stlth   ++           (no ring)
HPRegen 0.24/turn    (no ring)
MPRegen 0.13/turn

%: no passive effects
@: no status effects
A: no striking features
a: no special abilities


You were on level 2 of the Dungeon.
You visited 1 branch of the dungeon, and saw 2 of its levels.

You collected 62 gold pieces.

Inventory:

Hand Weapons
 b - a +0 sling
 h - a +0 short sword (weapon)
Missiles
 d - 15 stones
 f - 3 atropa-tipped darts (quivered)
Armour
 a - a +0 robe (worn)
Jewellery
 g - a ring of see invisible
Scrolls
 c - a scroll of blinking {unknown}
Potions
 e - a potion of curing {unknown}
 i - a potion of magic


   Skills:
 + Level 2.6 Dodging
 + Level 3.2 Stealth
 + Level 4.1 Spellcasting
 + Level 6.1 Necromancy


You had 8 spell levels left.
You knew the following spells:

 Your Spells              Type           Power      Damage    Failure   Level
a - Necrotise             Necr           100%       1d9       1%          1
b - Scorch                Fire           8%         2d5       17%         2

Your spell library contained the following spells:

 Spells                   Type           Power      Damage    Failure   Level
 Vampiric Draining        Necr           31%        2d8       2%          3
 Animate Dead             Necr           31%        N/A       9%          4
 Curse of Agony           Necr           31%        N/A       24%         5
 Flame Wave               Conj/Fire      4%         2d5       73%         4
 Summon Cactus Giant      Summ           2%         N/A       100%        6


Dungeon Overview and Level Annotations

Branches:
Dungeon (2/15)

Altars:


Message History

Aim: a gnoll, wielding a +0 whip (heavily wounded, more vulnerable to fire, ally target, chance to affect: 88%)
You miscast Necrotise.
You are very lightly contaminated with residual magic.
Nothing appears to happen.
The gnoll completely misses you.
Casting: Necrotise (safe; 1% risk of failure)
Confirm with . or Enter, or press ? or * to list all spells.
Aiming: Necrotise (safe; 1% risk of failure)
Press: ? - help, Shift-Dir - straight line, f/p - gnoll
Aim: a gnoll, wielding a +0 whip (heavily wounded, more vulnerable to fire, ally target, chance to affect: 88%)
The gnoll writhes in agony!
You kill the gnoll!
The dead are walking!
Your Spellcasting skill increases to level 4!
Your rat skeleton crumbles into dust!
You see here a +0 whip.
You see here a hobgoblin skeleton.
There is a stone staircase leading up, spattered with blood here.
You swap places.
Your gnoll skeleton hits the gnoll.
Your magical contamination has completely faded away.
You see here a hobgoblin skeleton.
Casting: Necrotise (safe; 1% risk of failure)
Confirm with . or Enter, or press ? or * to list all spells.
Flames lash the gnoll.
The gnoll is moderately wounded.
The gnoll's fire resistance burns away.
The gnoll hits you from afar with a +0 halberd!
Ouch! That really hurt!
* * * LOW HITPOINT WARNING * * *
Your gnoll skeleton hits the gnoll.
The gnoll attacks as it pursues you! The gnoll misses you.
You see here a +0 whip.
Your gnoll skeleton hits the gnoll.
Casting: Scorch (safe; 17% risk of failure)
Confirm with . or Enter, or press ? or * to list all spells.
Aiming: Necrotise (safe; 1% risk of failure)
Press: ? - help, Shift-Dir - straight line, f - gnoll
Aim: a gnoll, wielding a +0 halberd (severely wounded, ally target, chance to affect: 88%)
The gnoll writhes in agony.
The gnoll hits you from afar with a +0 halberd!
You die...

############## #
#...)......... #.
#.############ .# #.#
#. #.# .# #.# ##.#
#.# .###.###>..## #.#
..#.##..#..###.# .##
#.#.##.###.....#
#g..##<#.##..#)@#####
.........##.Zg.##
#...!.)).<รท.##
####.######## ...
####


You could see a gnoll (ally target) and a friendly gnoll skeleton.

Vanquished Creatures
  3 gnolls (D:2)
  A dart slug (D:1)
  3 ball pythons (D:1)
  3 bats (D:1)
  2 endoplasms (D:1)
  A goblin (D:1)
  6 hobgoblins
  4 jackals (D:1)
  2 quokkas
  2 frilled lizards (D:1)
  3 kobolds
  3 rats
33 creatures vanquished.

Vanquished Creatures (collateral kills)
  A giant cockroach (D:1)
1 creature vanquished.

Grand Total: 34 creatures vanquished

Notes
Turn   | Place    | Note
-------+----------+-------------------------------------------
     0 | D:1      | promet the Deep Elf Necromancer began the quest for the
                  | Orb.
     0 | D:1      | Reached XP level 1. HP: 10/10 MP: 6/6
   155 | D:1      | Reached skill level 5 in Necromancy
   344 | D:1      | Reached XP level 2. HP: 15/15 MP: 8/8
   516 | D:1      | Learned a level 2 spell: Scorch
   619 | D:1      | Reached XP level 3. HP: 8/19 MP: 5/9
  1478 | D:2      | Reached skill level 6 in Necromancy
  1478 | D:2      | Reached XP level 4. HP: 21/24 MP: 5/11
  1732 | D:2      | Slain by a gnoll

Illustrated notes

Levels and vault maps discovered:
D:1:      dpeg_arrival_simpleton_c, layout_basic
D:2:      layout_loops_ring, basic_altar, kennysheep_generic_room_8,
          uniq_jessica

Skill      XL: |  1  2  3  4 |
---------------+-------------+-----
Necromancy     | 5 6 |  6.1
Stealth        | 3 |  3.2
Spellcasting   | 4 |  4.1
Dodging        | |  2.6

Action                     |  1- 3 |  4- 6 || total
---------------------------+-------+-------++-------
  Melee: Short sword       |    17 |     6 ||    23
  Throw: Dart              |     1 |       ||     1
   Cast: Necrotise         |    35 |     4 ||    39
         Scorch            |     2 |     2 ||     4
    Use: Scroll            |     2 |       ||     2
   Stab: Sleeping          |     1 |     2 ||     3
 Armour: Robe              |     8 |     7 ||    15
  Dodge: Dodged            |    14 |     5 ||    19

Table legend: (Time is in decaauts)
 A = Elapsed time spent in this place.
 B = Non-inter-level travel time spent in this place.
 C = Inter-level travel time spent in this place.
 D = Time resting spent in this place.
 E = Time spent auto-exploring this place.
 F = Levels seen in this place.
 G = Mean time per level.
                   A        B        C        D        E       F      G
               +--------+--------+--------+--------+--------+-----+--------+
         Total |   1731 |   1591 |    140 |    479 |    416 |   2 |  865.5 |
       Dungeon |   1731 |   1591 |    140 |    479 |    416 |   2 |  865.5 |
               +--------+--------+--------+--------+--------+-----+--------+

Top non-repeatable levels by time:
     D:1: 1630 daAuts
     D:2: 101 daAuts
